 Dungeon Crawl Stone Soup version 0.20-a0-876-g2c7b0bf (webtiles) character file.

75 tarabluh the Ruffian (level 4, 0/39 HPs)
             Began as a Troll Summoner on Mar 16, 2017.
             Slain by a quokka (4 damage)
             ... on level 3 of the Dungeon.
             The game lasted 00:02:00 (1099 turns).

tarabluh the Ruffian (Troll Summoner)               Turns: 1099, Time: 00:02:00

Health: 0/39       AC:  5    Str: 16    XL:     4   Next: 11%
Magic:  4/4        EV: 10    Int: 12    God:
Gold:   87         SH:  0    Dex: 10    Spells: 4/5 levels left

rFire    . . .     SeeInvis .     - Unarmed
rCold    . . .     Gourm    +   a - +0 robe
rNeg     + . .     Faith    .   (no shield)
rPois    .         Spirit   .   (helmet restricted)
rElec    .         Reflect  .   (no cloak)
rCorr    .         Harm     .   (gloves unavailable)
MR       .....                  (boots unavailable)
Stlth    +.........             (no amulet)
Regen    0.6/turn               (no ring)
MPRegen  0.1/turn               m - ring of positive energy

@: lethally poisoned (0 -> -1)
A: unfitting armour, claws 3, fast metabolism 3, gourmand, regeneration 1,
shaggy fur 1, tough skin 2
a: no special abilities


You were on level 3 of the Dungeon.
You were very full.

You visited 1 branch of the dungeon, and saw 3 of its levels.

You collected 87 gold pieces.

Inventory:

Missiles
 l - 43 stones (quivered)
Armour
 a - a +0 robe (worn)
Jewellery
 m - a ring of positive energy (left claw)
Wands
 r - a wand of iceblast (9/15)
Scrolls
 d - a scroll of fear {unknown}
 f - 3 scrolls of identify {unknown}
 g - a scroll of remove curse {unknown}
 o - a scroll of blinking {unknown}
Potions
 e - a potion of mutation {unknown}
 j - a potion of brilliance {unknown}
 k - a potion of magic {unknown}
 n - a potion of haste {unknown}
Books
 b - a book of Callings

   Spells                             Type                      Level
   a - Summon Small Mammal            Summoning                    1
   b - Call Imp                       Summoning                    2
   c - Call Canine Familiar           Summoning                    3
   d - Summon Guardian Golem          Hexes/Summoning              3
   e - Summon Lightning Spire         Summoning/Air                4
   f - Summon Ice Beast               Ice/Summoning                4
Comestibles
 c - 4 bread rations
 h - a royal jelly
 i - 2 meat rations
 p - 2 fruits
 q - 3 chunks of flesh


   Skills:
 - Level 1.5 Dodging
 - Level 1.0 Stealth
 * Level 3.8 Unarmed Combat
 - Level 1.2 Spellcasting
 - Level 2.9 Summonings


You had 4 spell levels left.
You knew the following spells:

 Your Spells              Type           Power        Failure   Level  Hunger
a - Summon Small Mammal   Summ           #...         12%         1    ##.....


Dungeon Overview and Level Annotations

Branches:
Dungeon (3/15)

Altars:


Innate Abilities, Weirdness & Mutations

You are too large for most types of armour.
You have claws for hands.
Your metabolism is lightning-fast.
You like to eat raw meat.
Your natural rate of healing is unusually fast.
You are covered in fur. (AC +1)
You have very tough skin. (AC +2)


Message History

a hand axe; a club You feel sick.
The orc wizard closely misses you.
You feel sick. The orc wizard hits you with a dagger.
Things that are here:
a hand axe; a club You closely miss the kobold.
You feel sick. The orc wizard hits you with a dagger.
* * * LOW HITPOINT WARNING * * *
The kobold unwields an uncursed blowgun.
The kobold hits you but does no damage.
You barely miss the kobold.
You feel sick. The orc wizard hits you with a dagger.
* * * LOW HITPOINT WARNING * * *
The quokka bites you.
* * * LOW HITPOINT WARNING * * *
The kobold closely misses you.
You claw the kobold!
You kill the kobold!
You feel sick. The quokka bites you.
You die...

#.....#.......
##.♣.†.♣.♣#♣..#
#..♣..♣♣.♣.♣♣.# #
##.).♣♣♣.♣.♣ ♣.# #.
#....♣♣.♣♣♣♣ ♣.#
#.####(...♣.♣.♣ ♣.#
#....#(...♣.♣♣.♣
♣♣..
#.o.r...♣♣.♣♣♣.♣♣...
#.#@##...♣♣÷♣ ♣♣♣♣.#
# #)##..♣..♣♣ ♣...
#...K.♣♣♣♣ ♣♣♣♣..
####.#r♣ ♣....# .##.
.....#..# .# #r.#.#
#..# # #... #...
#.##


You could see an orc wizard and a quokka.

Vanquished Creatures
  An orc priest (D:3)
  An adder (D:2)
  A worm (D:2)
  A dart slug (D:1)
  2 leopard geckos (D:1)
  An orc (D:3)
  2 giant cockroaches (D:1)
  5 goblins
  5 hobgoblins (D:1)
  4 kobolds
  5 bats
28 creatures vanquished.

Notes
Turn   | Place    | Note
-------+----------+-------------------------------------------
     0 | D:1      | tarabluh the Troll Summoner began the quest for the Orb.
     0 | D:1      | Reached XP level 1. HP: 16/16 MP: 1/1
    79 | D:1      | Reached skill level 1 in Unarmed Combat
   233 | D:1      | Reached XP level 2. HP: 24/24 MP: 2/2
   303 | D:1      | Reached skill level 2 in Unarmed Combat
   837 | D:2      | Reached XP level 3. HP: 22/31 MP: 3/3
   932 | D:2      | Reached skill level 3 in Unarmed Combat
  1093 | D:3      | Reached XP level 4. HP: 19/39 MP: 4/4
  1099 | D:3      | Slain by a quokka

Vault maps used:
D:1:      dpeg_arrival_castle
D:2:      cheibrodos_greedy_goblins, wad_floor_pattern_untrapped,
          minmay_misc_feat_roman, minmay_split_cup_small
D:3:      chequers_ecumenical_altar_grove, first_bread, st_stairs_4,
          uniq_sigmund

Skill      XL: |  1  2  3 |
---------------+----------+-----
Unarmed Combat | 1 2 3 |  3.8
Dodging        | |  1.5
Stealth        | |  1.0
Spellcasting   | |  1.2
Summonings     | |  2.9

Action                   |  1- 3 |  4- 6 || total
-------------------------+-------+-------++-------
Melee: Unarmed           |    74 |     3 ||    77
 Stab: Sleeping          |     2 |       ||     2
  Eat: Chunk             |    15 |       ||    15
Armor: Robe              |    26 |     1 ||    27
Dodge: Dodged            |    40 |     2 ||    42
